 Seeded DCSS version 0.30.1-11-g7821555f0a (webtiles) character file.

Game seed: 5 (custom seed)

3878 Kazon the Ducker (level 10, -5/70 HPs)
             Began as a Vampire Gladiator on Oct 27, 2023.
             Was a Priest of Makhleb.
             Slain by a polar bear (18 damage)
             ... on level 7 of the Dungeon.
             The game lasted 00:32:34 (5892 turns).

Kazon the Ducker (Vampire Gladiator)                Turns: 5892, Time: 00:32:34

Health: -5/70      AC: 11    Str: 15    XL:     10   Next: 0%
Magic:  0/22       EV: 14    Int: 12    God:    Makhleb [***...]
Gold:   378        SH: 16    Dex: 23    Spells: 9/9 levels left

rFire   . . .        e - +2 dagger (vamp)
rCold   . . .        c - +0 tower shield
rNeg    . . .        H - +0 scale mail
rPois   .            j - +0 helmet
rElec   .            (no cloak)
rCorr   .            M - +0 pair of gloves
SInv    +            r - +2 pair of slick slippers {slick, slippery, EV+4}
Will    +....        E - amulet of guardian spirit
Stlth   ++           p - ring of magical power
HPRegen 0.51/turn    y - +6 ring of dexterity
MPRegen 0.18/turn

%: guardian spirit
@: healing quickly
A: alive, fangs 3, see invisible, vampiric 2
a: Exsanguinate, Renounce Religion, Minor Destruction, Lesser Servant of Makhleb


You were on level 7 of the Dungeon.
You worshipped Makhleb.
Makhleb was most pleased with you.
You visited 2 branches of the dungeon, and saw 9 of its levels.
You also visited: Ossuary.

You collected 378 gold pieces.

Inventory:

Hand Weapons
 a - a +0 long sword
 e - a +2 vampiric dagger (weapon)
 f - a +0 hand axe of flaming
Missiles
 d - 2 throwing nets
 k - 9 boomerangs
 t - 9 poisoned darts (quivered)
 B - a javelin
Armour
 c - a +0 tower shield (worn)
 j - a +0 helmet (worn)
 r - the +2 pair of slick slippers (worn) {slick, slippery, EV+4}
   (You acquired it on level 1 of the Dungeon)

   Slick:     Its wearer cannot be constricted, engulfed, netted or webbed.
   Slippery:  Its wearer slips away from damaging melee attacks, pulling the
   attacker onward.
   EV:        It affects your evasion (+4).
 H - a +0 scale mail (worn)
 M - a +0 pair of gloves (worn)
Jewellery
 p - a ring of magical power (left hand)
 y - a +6 ring of dexterity (right hand)
 E - an amulet of guardian spirit (around neck)
Wands
 A - a wand of paralysis (6)
Scrolls
 b - a scroll of enchant armour {unknown}
 h - a scroll of fog {unknown}
 m - 5 scrolls of identify {unknown}
 n - a scroll of teleportation
 o - a scroll of blinking {unknown}
 q - 2 scrolls of magic mapping {unknown}
 s - 2 scrolls of summoning {unknown}
 z - a scroll of torment {unknown}
 C - a scroll of amnesia {unknown}
 G - a scroll of poison {unknown}
 I - 2 scrolls of fear {unknown}
 K - a scroll of enchant weapon {unknown}
Potions
 g - a potion of haste {unknown}
 i - a potion of resistance {unknown}
 l - 4 potions of curing
 u - 5 potions of flight {unknown}
 v - 2 potions of berserk rage {unknown}
 w - a potion of invisibility
 x - 2 potions of heal wounds
 D - a potion of lignification {unknown}
 F - 3 potions of attraction
 J - 2 potions of brilliance {unknown}
 L - a potion of magic


   Skills:
 + Level 3.6 Fighting
 + Level 4.3(5.3) Short Blades
 + Level 4.2(5.0) Long Blades
 + Level 2.3 Axes
 + Level 2.5 Throwing
 + Level 3.4 Armour
 + Level 6.4 Dodging
 + Level 4.7 Stealth
 + Level 5.6 Shields
 + Level 5.1 Invocations
 * Level 4.1 Evocations


You had 9 spell levels left.
You didn't know any spells.
Your spell library contained the following spells:

 Spells                   Type           Power      Damage    Failure   Level
 Frozen Ramparts          Ice            0%         1d1       100%        3
 Ignite Poison            Fire/Tmut/Pois 0%         N/A       100%        3
 Ice Form                 Ice/Tmut       0%         N/A       100%        4
 Sticky Flame             Conj/Fire      0%         2d3       100%        4
 Summon Ice Beast         Ice/Summ       0%         N/A       100%        4
 Summon Forest            Summ/Tloc      0%         N/A       100%        5
 Eringya's Noxious Bog    Tmut/Pois      0%         N/A       100%        6
 Summon Hydra             Summ           0%         N/A       100%        7
 Ignition                 Fire           0%         3d3       100%        8


Dungeon Overview and Level Annotations

Branches:
Dungeon (8/15)             Temple (1/1) D:4         Ossuary (visited)
   Lair: D:8-11

Altars:
Dithmenos
Fedhas
Gozag
Hepliaklqana
Makhleb
Okawaru
Qazlal
Wu Jian
Xom


Innate Abilities, Weirdness & Mutations

Your natural rate of healing is accelerated.
You have razor-sharp teeth.
You have supernaturally acute eyesight. (SInv)
You are afflicted with vampirism and can become a bat while bloodless.


Message History

You completely miss the polar bear.
You bite the polar bear, but do no damage.
The polar bear is almost dead.
The polar bear misses you. You block the polar bear's attack.
The polar bear claws you but does no damage.
The polar bear closely misses you. You block the polar bear's attack.
The polar bear claws you.
* * * LOW HITPOINT WARNING * * *
You feel less attractive to monsters.
You hit the polar bear.
You feel better.
Your bite misses the polar bear.
The polar bear is almost dead.
You block the polar bear's attack. The polar bear closely misses you.
The polar bear barely misses you. You block the polar bear's attack. x2
The polar bear barely misses you.
You hit the polar bear but do no damage.
You bite the polar bear, but do no damage.
The polar bear is almost dead.
You block the polar bear's attack. x2; The polar bear closely misses you.
You hit the polar bear but do no damage.
You bite the polar bear.
The polar bear is almost dead.
The polar bear misses you.
The polar bear claws you but does no damage.
You block the polar bear's attack. The polar bear bites you.
* * * LOW HITPOINT WARNING * * *
The polar bear claws you but does no damage.
The polar bear closely misses you.
You hit the polar bear.
You bite the polar bear, but do no damage.
The polar bear is almost dead.
The polar bear closely misses you. You block the polar bear's attack. x2
You hit the polar bear but do no damage.
The polar bear is almost dead.
You block the polar bear's attack. x3; The polar bear bites you.
* * * LOW HITPOINT WARNING * * *
You block the polar bear's attack. The polar bear barely misses you.
You hit the polar bear.
The polar bear is almost dead.
The polar bear bites you!!
You die...

.#.######....##.#
#.#####.######
.#.#######.#.##.#
#.......##....
.#.........#.##.#
######..##.###
.#########.#.##.# #..##.# .#
#......#.##.# #..##.# .#
#.#####...#.#########..##.##
## #.#
##.....................#
#.###......h######.#######.#
#...........@....#.# #.#
#.###.......####.#.# #.# #.#
##......# #.[.# #.# #.#
##...#.# #.#># #.# #.#
#####.# #.#.# #.# #.# #.#
#.#.#######.# #####.# #.#
#...........# ......# #.#
#.########### ......# #.#
#.#


You could see a polar bear (berserk).

Vanquished Creatures
  A two-headed ogre (D:7)
  Sigmund (D:4)
  Duvessa (D:6)
  A water moccasin (D:6)
  A sky beast (D:7)
  3 black bears
  2 centaurs
  2 ogres
  An elf zombie (Ossuary)
  A kobold brigand (D:7)
  3 scorpions
  10 wights (D:7)
  4 killer bees (D:7)
  Dowan (D:6)
  A howler monkey (D:5)
  A vampire bat (D:7)
  6 hounds
  A centaur zombie (Ossuary)
  3 orc priests (D:6)
  3 human zombies (Ossuary)
  A jelly (D:4)
  6 iguanas
  3 orc wizards (D:6)
  4 ogre zombies (Ossuary)
  7 mummies (Ossuary)
  4 gnolls (D:5)
  9 adders
  A white imp (D:7)
  2 ufetubi
  A worm zombie (D:7)
  2 adder zombies (Ossuary)
  3 worms
  15 orcs
  12 bats
  9 endoplasms
  A giant cockroach (D:1)
  12 goblins
  7 hobgoblins
  11 jackals
  10 kobolds
  3 quokkas (D:4)
  6 ball pythons
  3 frilled lizards
  4 goblin zombies (Ossuary)
  6 hobgoblin zombies
  3 kobold zombies
  4 quokka zombies (Ossuary)
  4 rats
  4 rat zombies (Ossuary)
204 creatures vanquished.

Vanquished Creatures (others)
  An orc wizard (D:6)
1 creature vanquished.

Grand Total: 205 creatures vanquished

Notes
Turn   | Place    | Note
-------+----------+-------------------------------------------
     0 | D:1      | Kazon the Vampire Gladiator began the quest for the Orb.
     0 | D:1      | Reached XP level 1. HP: 16/16 MP: 1/1
    34 | D:1      | Identified a scroll of acquirement
    34 | D:1      | Acquired the +2 pair of slick slippers {slick, slippery,
                  | EV+4}
    34 | D:1      | Found the +2 pair of slick slippers {slick, slippery, EV+4}
    73 | D:1      | Reached skill level 1 in Stealth
    73 | D:1      | Reached XP level 2. HP: 19/22 MP: 2/2
   552 | D:1      | Gained mutation: You are afflicted with vampirism and can
                  | become a bat while bloodless. [Vampire growth]
   552 | D:1      | Reached XP level 3. HP: 27/27 MP: 3/3
  1062 | D:2      | Reached skill level 4 in Dodging
  1090 | D:2      | Reached XP level 4. HP: 31/33 MP: 4/4
  1597 | D:3      | Found a blossoming altar of Fedhas.
  1775 | D:3      | Found a stormy altar of Qazlal.
  1961 | D:3      | Found a faded altar of an unknown god.
  1978 | D:3      | Identified the +2 sling "Qeuhanocyt" {speed, rElec Str-3
                  | Dex+2}
  2083 | D:4      | Found a staircase to the Ecumenical Temple.
  2103 | Temple   | Entered the Ecumenical Temple
  2120 | Temple   | Became a worshipper of Makhleb the Destroyer
  2180 | D:4      | Noticed a black bear
  2202 | D:4      | Killed a black bear
  2203 | D:4      | Reached skill level 1 in Short Blades
  2203 | D:4      | Reached skill level 1 in Shields
  2203 | D:4      | Reached skill level 1 in Invocations
  2203 | D:4      | Reached XP level 5. HP: 12/38 MP: 5/5
  2207 | D:4      | Found a hazy altar of Hepliaklqana.
  2208 | D:4      | Found a shadowy altar of Dithmenos.
  2208 | D:4      | Noticed a shadow
  2302 | D:4      | Reached skill level 1 in Armour
  2302 | D:4      | Reached XP level 6. HP: 41/44 MP: 6/6
  2485 | D:4      | You fall into a shaft and drop 2 floors!
  2496 | D:6      | Noticed a water moccasin
  2511 | D:6      | Killed a water moccasin
  2596 | D:5      | Entered Level 5 of the Dungeon
  2624 | D:5      | Reached XP level 7. HP: 38/51 MP: 8/8
  2882 | D:4      | Reached * piety under Makhleb
  2972 | D:4      | Noticed Sigmund
  3005 | D:4      | Killed Sigmund
  3006 | D:4      | Reached skill level 5 in Dodging
  3146 | D:5      | Reached XP level 8. HP: 57/57 MP: 10/10
  3333 | D:4      | Reached skill level 1 in Evocations
  3694 | D:6      | Noticed Dowan
  3695 | D:6      | Noticed Duvessa
  3753 | D:6      | Killed Duvessa
  3777 | D:6      | Killed Dowan
  3904 | D:6      | Found a shimmering altar of Xom.
  4169 | D:6      | Reached skill level 6 in Dodging
  4216 | D:7      | Noticed a two-headed ogre
  4236 | D:7      | Killed a two-headed ogre
  4237 | D:7      | Reached XP level 9. HP: 10/64 MP: 2/11
  4259 | D:7      | Reached ** piety under Makhleb
  4321 | D:7      | Reached skill level 5 in Shields
  4359 | D:7      | Found a sand-covered staircase.
  4384 | Ossuary  | Entered an ossuary
  4681 | Ossuary  | Reached skill level 1 in Axes
  4963 | D:7      | Reached *** piety under Makhleb
  5509 | D:7      | Reached skill level 5 in Invocations
  5666 | D:7      | Reached XP level 10. HP: 70/70 MP: 13/13
  5892 | D:7      | Slain by a polar bear

Illustrated notes

Levels and vault maps discovered:
D:1:      ebering_trefoil_3fold, layout_basic, st_stairs_14, serial_bayou_ford_a
D:2:      layout_basic, hangedman_decor_growths, minmay_close_crescents
D:3:      layout_rooms, mainiacjoe_overflow_concentric_impassable,
          mainiacjoe_overflow_paths, shapermc_ecumenical_altar_acropolis,
          chequers_serial_rivers_micro_b
D:4:      layout_basic, riverfiend_overflow_shadow_ancestor,
          minmay_temple_entry_glass, uniq_sigmund
D:5:      layout_gridville
D:6:      layout_basic, xom_teletrap_fun, uniq_duvessa
D:7:      layout_loops_ring, enter_ossuary_3, roderic_batcave
D:8:      layout_layer_cave, minmay_lair_entry_grove, serial_shops,
          nicolae_lakefront_shop, serial_ice, serial_ice_o, serial_ice_d,
          serial_ice_k, serial_ice_a
Temple:   nicolae_temple_elliptical

Skill      XL: |  1  2  3  4  5  6  7  8  9 |
---------------+----------------------------+-----
Stealth        | 1 2 3 4 |  4.7
Fighting       | 2 3 |  3.6
Dodging        | 4 5 6 |  6.4
Long Blades    | 4 |  4.2
Short Blades   | 1 2 3 4 |  4.3
Shields        | 1 2 3 4 5 |  5.6
Invocations    | 1 2 3 5 |  5.1
Armour         | 1 2 3 |  3.4
Throwing       | 2 |  2.5
Evocations     | 2 4 |  4.1
Axes           | 2 |  2.3

Action                     |  1- 3 |  4- 6 |  7- 9 | 10-12 || total
---------------------------+-------+-------+-------+-------++-------
  Melee: Long sword        |   117 |    62 |    15 |       ||   194
         Bite              |     9 |    25 |   114 |    19 ||   167
         Dagger            |       |   154 |   515 |    36 ||   705
         Hand axe          |       |       |   341 |    30 ||   371
  Throw: Stone             |     1 |    11 |    42 |       ||    54
         Javelin           |       |     1 |       |       ||     1
         Dart              |       |     2 |    28 |       ||    30
         Boomerang         |       |       |    23 |       ||    23
         Throwing net      |       |       |     1 |       ||     1
 Invoke: Minor Destruction |       |       |    17 |       ||    17
  Evoke: Wand              |       |       |     2 |       ||     2
    Use: Scroll            |     2 |     1 |       |       ||     3
         Potion            |     1 |     2 |       |     2 ||     5
   Stab: Sleeping          |     1 |     7 |    12 |       ||    20
         Paralysed         |       |       |     1 |       ||     1
 Armour: Leather armour    |    37 |    80 |    33 |       ||   150
         Scale mail        |       |       |    93 |    42 ||   135
  Dodge: Dodged            |    85 |   158 |   313 |    79 ||   635
  Block: Tower shield      |    61 |   177 |   743 |   135 ||  1116
